 Dungeon Crawl Stone Soup version 0.30.1-9-gdf580d7c3d (webtiles) character file.

Game seed: 4666307865569258686

477 jagang the Shield-Bearer (level 7, -10/54 HPs)
             Began as a Human Fighter on Sept 29, 2023.
             Mangled by an ice beast (13 damage)
             ... on level 5 of the Dungeon.
             The game lasted 00:10:06 (3449 turns).

jagang the Shield-Bearer (Human Fighter)            Turns: 3449, Time: 00:10:06

Health: -10/54     AC: 10    Str: 18    XL:     7   Next: 33%
Magic:  7/7        EV:  7    Int:  9    God:
Gold:   195        SH:  5    Dex: 12    Spells: 6/6 levels left

rFire   . . .        t - +0 whip
rCold   . . .        c - +0 buckler
rNeg    + . .        B - +0 chain mail
rPois   +            (no helmet)
rElec   .            (no cloak)
rCorr   .            C - +0 pair of gloves
SInv    .            (no boots)
Will    .....        j - amulet of regeneration Stlth
                     f - ring of positive energy
HPRegen 1.09/turn    s - ring of poison resistance
MPRegen 0.10/turn

%: no passive effects
@: no status effects
A: no striking features
a: no special abilities


You were on level 5 of the Dungeon.
You visited 1 branch of the dungeon, and saw 5 of its levels.

You collected 195 gold pieces.

Inventory:

Hand Weapons
 a - a +0 long sword
 t - a +0 whip (weapon)
Missiles
 i - 2 boomerangs (quivered)
Armour
 b - a +0 scale mail
 c - a +0 buckler (worn)
 B - a +0 chain mail (worn)
 C - a +0 pair of gloves (worn)
Jewellery
 f - a ring of positive energy (left hand)
 j - an amulet of regeneration (around neck)
 k - a +6 ring of intelligence
 s - a ring of poison resistance (right hand)
 y - a ring of resist corrosion
Wands
 w - a wand of charming (7)
 x - a wand of flame (4)
Scrolls
 l - a scroll of amnesia {unknown}
 o - a scroll of enchant armour
 p - 3 scrolls of teleportation {unknown}
 r - a scroll of fear
 v - a scroll of noise {unknown}
 z - a scroll of blinking
 A - a scroll of immolation
 D - a scroll of poison {unknown}
Potions
 d - a potion of might
 e - a potion of mutation {unknown}
 g - a potion of flight {unknown}
 h - 4 potions of curing
 m - a potion of invisibility {unknown}
 n - a potion of brilliance {unknown}
 q - a potion of magic {unknown}
 u - a potion of berserk rage {unknown}


   Skills:
 + Level 4.1 Fighting
 - Level 2.8 Long Blades
 * Level 3.4 Maces & Flails
 - Level 2.0 Throwing
 + Level 4.2 Armour
 + Level 4.3 Shields


You had 6 spell levels left.
You didn't know any spells.
Your spell library contained the following spells:

 Spells                   Type           Power      Damage    Failure   Level
 Volatile Blastmotes      Fire/Tloc      0%         2d10      100%        3
 Fulminant Prism          Conj/Hex       0%         3d5       100%        4
 Iskenderun's Mystic Bla  Conj/Tloc      0%         2d3       100%        4
 Lee's Rapid Deconstruct  Erth           0%         3d4*      100%        5


Dungeon Overview and Level Annotations

Branches:
Dungeon (5/15)
 Temple: D:4-7

Altars:
Sif Muna


Message History

The ice beast is moderately wounded.
The ice beast hits you. The ice beast freezes you!
* * * LOW HITPOINT WARNING * * *
You barely miss the ice beast.
The ice beast is moderately wounded.
The ice beast barely misses you.
You closely miss the ice beast.
The ice beast is moderately wounded.
The ice beast hits you but does no damage.
You hit the ice beast.
The ice beast is moderately wounded.
The ice beast hits you but does no damage.
You hit the ice beast but do no damage.
The ice beast is moderately wounded.
The ice beast hits you but does no damage.
You hit the ice beast.
The ice beast is heavily wounded.
The ice beast hits you but does no damage.
You hit the ice beast but do no damage.
The ice beast is heavily wounded.
You block the ice beast's attack.
You hit the ice beast but do no damage.
The ice beast is heavily wounded.
The ice beast hits you.
* * * LOW HITPOINT WARNING * * *
The ice beast freezes you!
* * * LOW HITPOINT WARNING * * *
There is a stone staircase leading up here.
You barely miss the ice beast.
The ice beast is heavily wounded.
You block the ice beast's attack.
You hit the ice beast.
The ice beast is severely wounded.
The ice beast barely misses you.
You hit the ice beast but do no damage.
The ice beast is severely wounded.
The ice beast hits you.
* * * LOW HITPOINT WARNING * * *
The ice beast freezes you!
You die...

.... #.#.#
........... ###
......#.#.#
#..##
................
......#.#.#.#..
.............#
..
......#.#.#.#..#
......).@.†.(.#
.....#Y#.#.###
##..........#
##..#!#.#.##
##........#
###.#.#.##
.......# #....
.# #..... #


You could see an ice beast.

Vanquished Creatures
  A black bear (D:4)
  A centaur (D:4)
  A scorpion (D:4)
  A hound (D:4)
  2 orc priests (D:4)
  An iguana (D:5)
  An orc wizard (D:4)
  3 adders (D:2)
  A worm (D:2)
  A dart slug (D:1)
  4 orcs
  7 endoplasms
  4 giant cockroaches
  6 goblins
  A hobgoblin (D:1)
  13 jackals
  A quokka (D:1)
  5 ball pythons
  6 bats
  8 kobolds
  3 rats (D:2)
71 creatures vanquished.

Notes
Turn   | Place    | Note
-------+----------+-------------------------------------------
     0 | D:1      | jagang the Human Fighter began the quest for the Orb.
     0 | D:1      | Reached XP level 1. HP: 18/18 MP: 1/1
   157 | D:1      | Reached XP level 2. HP: 24/24 MP: 2/2
   380 | D:1      | Reached XP level 3. HP: 29/29 MP: 3/3
   853 | D:2      | Reached skill level 1 in Throwing
   938 | D:2      | Reached XP level 4. HP: 34/35 MP: 4/4
  1779 | D:3      | Reached skill level 1 in Maces & Flails
  1943 | D:3      | Found a shimmering blue altar of Sif Muna.
  2286 | D:4      | Noticed a centaur
  2306 | D:4      | Killed a centaur
  2307 | D:4      | Reached XP level 5. HP: 36/41 MP: 5/5
  2356 | D:4      | Noticed a black bear
  2374 | D:4      | Killed a black bear
  2375 | D:4      | Reached XP level 6. HP: 23/48 MP: 6/6
  2699 | D:4      | Reached XP level 7. HP: 26/54 MP: 7/7
  3390 | D:5      | Entered Level 5 of the Dungeon
  3449 | D:5      | Mangled by an ice beast

Illustrated notes

Levels and vault maps discovered:
D:1:      moated_graveyard_arrival, layout_loops_ring, bh_walls_and_bars
D:2:      layout_loops_cross
D:3:      layout_loops_ring, mainiacjoe_overflow_catwalk, serial_forest,
          infiniplex_forest_clump_C, infiniplex_forest_end_3,
          infiniplex_forest_straight_2, infiniplex_forest_lined_room_2,
          infiniplex_forest_end_2
D:4:      layout_basic, st_stairs_1, serial_bayou_ford_a
D:5:      layout_layer_cave, minmay_temple_entry_proselytizer, st_stairs_12,
          uniq_blork_the_orc, uniq_menkaure

Skill      XL: |  1  2  3  4  5  6 |
---------------+-------------------+-----
Throwing       | 1 2 |  2.0
Maces & Flails | 1 2 3 |  3.4
Shields        | 4 |  4.3
Armour         | 4 |  4.2
Fighting       | 4 |  4.1
Long Blades    | |  2.8

Action                     |  1- 3 |  4- 6 |  7- 9 || total
---------------------------+-------+-------+-------++-------
  Melee: Long sword        |   124 |     4 |       ||   128
         Whip              |       |   206 |    89 ||   295
  Throw: Boomerang         |       |     2 |       ||     2
    Use: Scroll            |       |     5 |       ||     5
         Potion            |       |     1 |       ||     1
 Armour: Scale mail        |    60 |    75 |       ||   135
         Chain mail        |       |    76 |    56 ||   132
  Dodge: Dodged            |    55 |   117 |    27 ||   199
  Block: Buckler           |    29 |    61 |    21 ||   111
